 Dungeon Crawl Stone Soup version 0.25-a0-71-ge910a4a285 (webtiles) character file.

Game seed: 7349248589877200696, levelgen mode: deterministic

14 Amnesiac the Digger (level 2, -4/19 HPs)
             Began as a Vampire Earth Elementalist on Nov 3, 2019.
             Killed from afar by an orc wizard (10 damage)
             ... with a magic dart
             ... on level 4 of the Dungeon.
             The game lasted 00:01:52 (324 turns).

Amnesiac the Digger (Vampire Earth Elementalist)     Turns: 324, Time: 00:01:53

Health: -4/19      AC:  2    Str:  7    XL:     2   Next: 27%
Magic:  0/5        EV: 12    Int: 17    God:
Gold:   30         SH:  0    Dex: 14    Spells: 2/5 levels left

rFire    . . .     SeeInvis +   (no weapon)
rCold    . . .     Gourm    .   (no shield)
rNeg     . . .     Faith    .   c - +0 robe
rPois    .         Spirit   .   (no helmet)
rElec    .         Reflect  .   (no cloak)
rCorr    .         Harm     .   (no gloves)
MR       .....                  (no boots)
Stlth    ++........             (no amulet)
HPRegen  0.26/turn              (no ring)
MPRegen  0.09/turn              (no ring)

@: lethally poisoned (-4 -> -11), regenerating quickly, hasted, very quick
A: no food, fangs 3, see invisible, unbreathing
a: Exsanguinate


You were on level 4 of the Dungeon.
You were alive.

You visited 1 branch of the dungeon, and saw 4 of its levels.

You collected 30 gold pieces.

Inventory:

Missiles
 b - 33 stones
 d - 2 poisoned darts (quivered)
Armour
 c - a +0 robe (worn)


   Skills:
 - Level 2.1 Dodging
 - Level 3.0 Stealth
 + Level 2.2 Spellcasting
 - Level 1.1 Transmutations
 * Level 3.5 Earth Magic


You had 2 spell levels left.
You knew the following spells:

 Your Spells              Type           Power        Failure   Level  Hunger
a - Sandblast             Erth           ##....       4%          1    N/A
b - Passwall              Tmut/Erth      #.......     11%         2    N/A

Your spell library contained the following spells:

 Spells                   Type           Power        Failure   Level  Hunger
 Stone Arrow              Conj/Erth      #.....       26%         3    N/A
 Petrify                  Tmut/Erth      #.......     58%         4    N/A
 Lee's Rapid Deconstruct  Erth           ##........   77%         5    N/A

Dungeon Overview and Level Annotations

Branches:
Dungeon (4/15)
 Temple: D:4-7

Altars:
Cheibriados


Innate Abilities, Weirdness & Mutations

You do not eat.
Your natural rate of healing is unusually fast.
You have razor-sharp teeth.
You have supernaturally acute eyesight. (SInv)
You can survive without breathing.


Message History

Aim: an orc wizard, wielding a +2 dagger of venom and wearing a +0 robe The blast of sand hits the orc wizard but does no damage.
b - 37 stones The orc wizard hits you with a +2 dagger of venom.
You are poisoned.
Unknown command.
Casting: Sandblast (safe; 4% risk of failure)
Confirm with . or Enter, or press ? or * to list all spells.
Aiming: Sandblast (safe; 4% risk of failure)
Press: ? - help, Shift-Dir - straight line, f/p - orc wizard
Aim: an orc wizard, wielding a +2 dagger of venom and wearing a +0 robe The blast of sand hits the orc wizard but does no damage.
b - 36 stones You feel sick.
The orc wizard closely misses you.
Unknown command.
Casting: Sandblast (safe; 4% risk of failure)
Confirm with . or Enter, or press ? or * to list all spells.
Aiming: Sandblast (safe; 4% risk of failure)
Press: ? - help, Shift-Dir - straight line, f/p - orc wizard
Aim: an orc wizard, wielding a +2 dagger of venom and wearing a +0 robe The blast of sand hits the orc wizard but does no damage.
b - 35 stones You feel sick.
The orc wizard closely misses you.
Unknown command.
Press: ? - help, v - describe, . - travel
Here: an orc wizard, wielding a +2 dagger of venom and wearing a +0 robe The floor.
Unknown command.
Casting: Sandblast (safe; 4% risk of failure)
Confirm with . or Enter, or press ? or * to list all spells.
Aiming: Sandblast (safe; 4% risk of failure)
Press: ? - help, Shift-Dir - straight line, f/p - orc wizard
Aim: an orc wizard, wielding a +2 dagger of venom and wearing a +0 robe The blast of sand hits the orc wizard!
The orc wizard is heavily wounded.
b - 34 stones You feel sick.
The orc wizard closely misses you.
Unknown command.
Unknown command.
Casting: Sandblast (safe; 4% risk of failure)
Confirm with . or Enter, or press ? or * to list all spells.
Aiming: Sandblast (safe; 4% risk of failure)
Press: ? - help, Shift-Dir - straight line, f/p - orc wizard
Aim: an orc wizard, wielding a +2 dagger of venom and wearing a +0 robe (heavily wounded)
The blast of sand hits the orc wizard.
The orc wizard is almost dead.
b - 33 stones The orc wizard hits you but does no damage.
You are lethally poisoned!
Unknown command.
* * * LOW HITPOINT WARNING * * *
You feel sick.
* * * LOW HITPOINT WARNING * * *
You feel sick.
* * * LOW HITPOINT WARNING * * *
You feel sick.
Really quaff
a - a cyan potion {!q}?
It was a potion of haste {!q}.
You feel yourself speed up.
* * * LOW HITPOINT WARNING * * *
You feel sick.
The orc wizard gestures at you while chanting.
The magic dart hits you!
Ouch! That really hurt!
You die...

### ..# # #(#.#
.#######(#.#
.....(()...#
.#######.### ######
#.# #.<..#
#o########.####
#..@..†.##.#
#######.##.#########
#.##.##.......
#........#####
####.##..# #.##..#
#.##..# #.##..#
...)...


You could see an orc wizard.

Vanquished Creatures
  A dart slug (D:2)
  An orc (D:4)
  3 bats
  A giant cockroach (D:4)
  A hobgoblin (D:1)
  A kobold (D:1)
  A frilled lizard (D:3)
  2 rats (D:1)
11 creatures vanquished.

Notes
Turn   | Place    | Note
-------+----------+-------------------------------------------
     0 | D:1      | Amnesiac the Vampire Earth Elementalist began the quest for
                  | the Orb.
     0 | D:1      | Reached XP level 1. HP: 13/13 MP: 3/3
   172 | D:2      | Found a snail-covered altar of Cheibriados.
   178 | D:2      | Reached XP level 2. HP: 19/19 MP: 5/5
   182 | D:2      | Learned a level 2 spell: Passwall
   324 | D:4      | Killed from afar by an orc wizard

Levels and vault maps discovered:
D:1:      saegor_arrival_simple_b, layout_basic
D:2:      layout_basic, kennysheep_slug_shrine, minmay_misc_feat_alley,
          minmay_hexomino_u4
D:3:      layout_basic, elyvilon_altar_1, uniq_grinder, uniq_jessica
D:4:      layout_loops_ring, kennysheep_vampire_church, uniq_ijyb

Action                   || total
-------------------------++-------
Melee: Unarmed           ||    49
       Bite              ||     4
Throw: Dart              ||    22
 Cast: Sandblast         ||     8
       Passwall          ||     1
  Use: Potion            ||     1
Armor: Robe              ||    33
Dodge: Dodged            ||    68

Table legend:
 A = Non-vault XP
 B = Vault XP
 C = Vault XP percentage of total XP
 D = Non-vault monster count
 E = Vault monster count
 F = Vault count percentage of total count
                 A         B        C        D         E       F
            +---------+---------+-------+---------+---------+-------
      Total |      16 |       4 |  20.0 |      10 |       1 |   9.1
            +---------+---------+-------+---------+---------+-------
        D:1 |       8 |       0 |   0.0 |       5 |       0 |   0.0
        D:2 |       1 |       4 |  80.0 |       1 |       1 |  50.0
        D:3 |       2 |       0 |   0.0 |       2 |       0 |   0.0
        D:4 |       5 |       0 |   0.0 |       2 |       0 |   0.0
            +---------+---------+-------+---------+---------+-------
